[Event "3rd VIZAG GM-Open 2022"]
[Site "Visakapatnam"]
[Date "2022.06.13"]
[Round "1.10"]
[White "Mirzoev, Azer"]
[Black "Mummana Venkata Ruthvik"]
[Result "1-0"]
[ECO "B07"]
[WhiteElo "2476"]
[BlackElo "1543"]
[Annotator "TA"]
[PlyCount "71"]
[EventDate "2022.06.13"]
[EventType "swiss"]
[EventCountry "IND"]
[SourceTitle "playchess.com"]
[Source "ChessBase"]
[SourceQuality "1"]
[TimeControl "5400+30"]

1. d4 Nf6 2. Nf3 g6 3. Nbd2 Bg7 4. e4 d6 5. Bd3 O-O 6. O-O Nbd7 7. Re1 e5 8. c3 Nh5 9. Nf1 {[%emt 0:00:40] B07: Pirc Defence: Miscellaneous Systems.} Nb6 {[%emt 0:03:10] [#]} 10. h3 $146 ({Predecessor:} 10. Bg5 Qe8 11. h3 h6 12. Be3 f5 13. dxe5 dxe5 14. Bc5 Rf7 15. exf5 Bxf5 16. Bxf5 Rd8 17. Bxg6 Rxd1 18. Raxd1 {1-0 (30) Godena,M (2490)-Barberi,A (2180) Jesolo 1999}) 10... Qe7 11. a4 {[%emt 0:04:34] White is slightly better.} a5 12. Bg5 f6 13. Be3 Be6 14. b3 c5 15. Bb5 Rac8 16. Rb1 Bd7 (16... f5 $14) 17. dxc5 $16 dxc5 18. Bxd7 Qxd7 19. Qxd7 Nxd7 20. Red1 Rfd8 {[%emt 0:05:23] [#]} 21. Rd5 $1 Kf7 22. N1d2 {[%emt 0:03:56] White is more active.} b6 (22... Nb6 $16) 23. Nc4 $36 {[%emt 0:00:27][%mdl 2048] Black must now prevent Nd6+. White has strong initiative.} Rb8 24. Rbd1 Ke7 25. g4 Nf4 26. Bxf4 exf4 27. Kg2 g5 $2 (27... Ke8 28. Rd6 Bf8) 28. h4 h6 29. Nd6 Bf8 30. hxg5 fxg5 $2 (30... hxg5 31. c4 Ne5 32. Nxe5 fxe5 33. Nf5+ Ke8 34. Rxe5+ Kf7) 31. e5 {[%emt 0:01:52][%cal Be4e5,Be5e6,Be6e7][%mdl 32] White is clearly winning.} Ke6 (31... c4 $142 32. bxc4 Nc5) 32. Nf5 {[%emt 0:05:51] Pair of Knights!} Rbc8 {[%emt 0:00:53] [#]} 33. Rd6+ $1 Bxd6 34. Rxd6+ Kf7 35. e6+ Ke8 36. e7 {[%emt 0:00:17] Weighted Error Value: White=0.06 (flawless) /Black=0.40} ({Less strong is} 36. Rxd7 Rxd7 37. exd7+ Kxd7 38. Nxh6 Ke7 39. Nf5+ (39. Nxg5 c4 $18) 39... Kd7 $18) 1-0

[Event "3rd VIZAG GM-Open 2022"]
[Site "Visakapatnam"]
[Date "2022.06.13"]
[Round "1.11"]
[White "Ritabrata Chakraborty"]
[Black "Neelotpal, Das"]
[Result "0-1"]
[ECO "C56"]
[WhiteElo "1639"]
[BlackElo "2431"]
[Annotator "TA"]
[PlyCount "58"]
[EventDate "2022.06.13"]
[EventType "swiss"]
[EventCountry "IND"]
[SourceTitle "playchess.com"]
[Source "ChessBase"]
[SourceQuality "1"]
[TimeControl "5400+30"]

1. e4 e5 2. Nf3 Nc6 3. d4 exd4 4. Bc4 Nf6 5. e5 d5 6. Bb5 Ne4 7. Nxd4 Bd7 8. Bxc6 bxc6 9. O-O Bc5 10. f3 Ng5 11. f4 Ne4 12. Be3 O-O 13. Nd2 Nxd2 14. Qxd2 f6 15. Rae1 {[%emt 0:09:37] C56: Two Knights: 4 d4 exd4 5 0-0 Nxe4.} fxe5 16. fxe5 Rxf1+ 17. Rxf1 {[%emt 0:01:51] [#] Strongly threatening e6. White is slightly better.} Qe8 $146 {[%emt 0:08:11] Against e6} ({Predecessor:} 17... Qe7 18. e6 Bxd4 19. Bxd4 Qxe6 20. Re1 Qf7 21. h3 Bf5 22. Re3 a6 23. Qc3 Qd7 {1-0 (72) Grandelius,N (2670)-Eden,J (2294) Chalons en Champagne 2021}) 18. Nb3 Bb6 19. Qc3 Qg6 20. Nc5 Bh3 {[%emt 0:09:06][%csl Gh3][%cal Rg6g2,Bd7h3,Bh3g2,Bg2e4][%mdl 32] [#]} 21. Rf2 Qg4 (21... Rf8 $11 22. Rxf8+ Kxf8) 22. Qd4 Re8 23. Kf1 Rxe5 $40 {[%emt 0:06:28][%cal Oe5e4][%mdl 128] And now ...Re4! would win. White needs to defend precisely. The board is on fire.} 24. Nd7 $2 {[%emt 0:08:18][%mdl 8192] [#] Loses the game.} (24. Qxg4 $11 Bxg4 25. Bd4) 24... Bxg2+ $1 $19 {[%emt 0:10:50] This bishop pair is nice.} (24... Bxd4 $2 25. Rf8#) 25. Kg1 Be4+ (25... Bxd4 $2 26. Rf8#) 26. Kf1 Qxd7 27. Qxe5 Qh3+ 28. Ke1 Qxe3+ 29. Re2 Qc1# {[%emt 0:00:06] Weighted Error Value: White=1.26/Black=0.08 (flawless)} 0-1

[Event "3rd VIZAG GM-Open 2022"]
[Site "Visakapatnam"]
[Date "2022.06.13"]
[Round "1.12"]
[White "Azaladze, Shota"]
[Black "Dhruva Thota"]
[Result "1-0"]
[ECO "A11"]
[WhiteElo "2420"]
[BlackElo "1743"]
[Annotator "TA"]
[PlyCount "63"]
[EventDate "2022.06.13"]
[EventType "swiss"]
[EventCountry "IND"]
[SourceTitle "playchess.com"]
[Source "ChessBase"]
[SourceQuality "1"]
[TimeControl "5400+30"]

1. Nf3 Nf6 2. g3 g6 3. b3 Bg7 4. Bb2 O-O 5. Bg2 a5 6. c4 c6 7. O-O d5 8. d3 {[%emt 0:01:03][%cal Bd2d3,Bd3e4,Be4e5][%mdl 32] 8.Nc3 is the hot move.} b6 {[%emt 0:06:27] A11: English Opening: 1...c6.} 9. Nbd2 Bb7 10. e4 dxe4 {[%emt 0:04:00] The position is equal.} 11. dxe4 {[%emt 0:00:47] [#]} Nfd7 $146 ({Predecessor:} 11... c5 12. e5 Nfd7 13. Qe2 Nc6 14. Ne4 Ndxe5 15. Nxe5 Nxe5 16. Nxc5 Bxg2 17. Kxg2 bxc5 18. Bxe5 Bxe5 19. Qxe5 {½-½ (24) Stryjecki,M (2325)-Grabarczyk,M (2470) Lubniewice 1998}) 12. Bxg7 Kxg7 13. e5 {[%emt 0:00:02][%cal Oe5e6] aiming for e6!} Nc5 $1 14. Re1 a4 (14... Nba6 $11) 15. Re3 (15. b4 $1 $14 Nd3 16. Re3 Nxb4 17. a3) 15... axb3 $11 16. axb3 Nba6 17. Qc1 Ne6 $1 18. Qc3 c5 19. h4 ({Better is} 19. Ng5 $15 Nac7 20. Bxb7 Rxa1+ 21. Qxa1 Nxg5 22. Ne4) 19... Nb4 $17 20. Rxa8 Qxa8 21. Bh3 Nc6 22. Bxe6 fxe6 23. Rd3 h6 24. h5 (24. Rd7 $15) 24... g5 ({Black should try} 24... gxh5 $17 {Strongly threatening ...Nb4.} 25. Rd7 Qc8) 25. Rd7 $11 Qc8 $2 (25... g4 $11 26. Qd3 Qa1+ 27. Nf1 Rxf3 28. Qg6+ Kf8 29. Qxh6+ (29. Rxb7 Qe1 $14) 29... Ke8 30. Rxb7 Qa8 31. Qg6+ (31. Rxb6 Nd4 $15) 31... Rf7 32. Rxb6 (32. Qg8+ Rf8 $11) 32... Qa2 33. Qg8+ (33. Rxc6 $2 Qxf2+ 34. Kh1 Qxf1+ 35. Kh2 Qh3+ 36. Kg1 Qxg3+ 37. Kh1 Qf3+ 38. Kg1 Qf2+ 39. Kh1 Qf1+ 40. Kh2 Qh3+ 41. Kg1 Qg3+ 42. Kh1 Qh3+ 43. Kg1 Qg3+ $19) 33... Rf8 34. Qxf8+ (34. Qg6+ Kd8 $11) 34... Kxf8 35. Rxc6 Qxb3) 26. Qd3 $18 {[%emt 0:00:57] [#] White threatens Qg6+ and mate. White is clearly winning.} Rf5 {[%emt 0:00:03] ...Kf8 is the strong threat.} 27. g4 Rf7 (27... Rf4 $142 28. Qg6+ Kf8 29. Qxh6+ (29. Qxe6 Ke8 $17) 29... Ke8 30. Qxg5 Rxf3 31. Rxb7 (31. Nxf3 Kxd7 32. Qd2+ Kc7 $15) 31... Rf8) 28. Qg6+ Kf8 29. Qxh6+ Ke8 30. Rd3 {[%emt 0:01:11] [#] Black must now prevent Qg6.} Nb4 31. Re3 {[%emt 0:00:32] Threatens to win with Qg6.} Nc2 32. Qg6 {[%emt 0:01:49] Weighted Error Value: White=0.29 (precise) /Black=0.52} 1-0

[Event "3rd VIZAG GM-Open 2022"]
[Site "Visakapatnam"]
[Date "2022.06.13"]
[Round "1.13"]
[White "Babu, Rao R."]
[Black "Hossain, Enamul"]
[Result "0-1"]
[ECO "A65"]
[WhiteElo "1689"]
[BlackElo "2413"]
[Annotator "TA"]
[PlyCount "92"]
[EventDate "2022.06.13"]
[EventType "swiss"]
[EventCountry "IND"]
[SourceTitle "playchess.com"]
[Source "ChessBase"]
[SourceQuality "1"]
[TimeControl "5400+30"]

1. d4 {[%emt 1:31:00] Mikhalevski,V} Nf6 2. c4 g6 3. Nc3 Bg7 4. e4 d6 5. f3 O-O 6. Nge2 c5 7. d5 e6 8. Ng3 exd5 9. cxd5 (9. Nxd5 Nxd5 10. cxd5 f5 $15) 9... a6 {[%emt 0:00:30] A65: Modern Benoni: 6 e4.} 10. Be3 b5 11. Qd2 Re8 {[%emt 0:00:30] The position is equal.} 12. Be2 Nbd7 13. O-O h5 14. Bh6 {[%emt 0:00:30] [#]} Bh8 $146 ({Predecessor:} 14... h4 15. Nh1 Nh5 16. Bxg7 Kxg7 17. a4 b4 18. Nd1 f5 19. exf5 Nb6 20. fxg6 Rxe2 21. Qxe2 {0-1 (34) Akobian,V (2618)-Mikhalevski,V (2579) Caleta 2011 CBM 141 [Mikhalevski,V]}) 15. Rae1 Nh7 16. Be3 Qa5 17. a3 Nb6 18. Nd1 (18. Rb1 $14 {keeps the upper hand.}) 18... Qxd2 $17 19. Bxd2 Bd4+ 20. Be3 Bxe3+ 21. Nxe3 f5 22. Nc2 (22. Nh1 $17) 22... h4 $19 23. Nh1 fxe4 (23... Kg7 $19 24. Nf2 Nf6) 24. fxe4 $17 (24. Bd3 exd3 $1 25. Rxe8+ Kf7 $19) 24... Rxe4 25. Bd3 (25. Nf2 $17 Re7 26. Bd3 Rxe1 27. Rxe1) 25... Rxe1 $19 26. Rxe1 {[%emt 0:00:30] [#]} Kf7 $1 (26... Nxd5 27. Bxg6 Nhf6 28. Nf2) 27. Ne3 Nf6 28. g3 hxg3 (28... Nbxd5 29. Nxd5 Nxd5 30. Be4) 29. Nxg3 Bh3 ({Inferior is} 29... Nbxd5 30. Nxd5 Nxd5 31. Ne4 $17 (31. Be4 Bb7 $17)) 30. Ne4 Nxe4 31. Bxe4 Re8 32. Bg2 Bxg2 33. Kxg2 {[%emt 0:00:30][%mdl 4096] Endgame KRN-KRN} Re5 (33... Nxd5 $2 34. Rf1+ Ke6 35. Ng4 $19) 34. Rf1+ Kg7 35. Ng4 Rxd5 36. Nf6 Re5 ({Avoid the trap} 36... Rd2+ $2 37. Kg3 $19) 37. Ng4 {[%emt 0:00:30] Black is clearly winning.} Re2+ 38. Kg1 (38. Rf2 $142 Rxf2+ 39. Nxf2) 38... Rxb2 39. Nf6 Re2 {[%emt 0:00:30] Prevents Ne8+.} 40. h4 Re6 41. Ng4 Nc4 42. Rf3 d5 {[%emt 0:00:30][%cal Bd6d5,Bd5d4,Bd4d3][%mdl 32] aiming for ...d4.} 43. Kf2 d4 44. Kg3 Ne5 45. Rf1 Nxg4 46. Kxg4 d3 {[%emt 0:00:30] Weighted Error Value: White=0.47/Black=0.05 (flawless)} 0-1

[Event "3rd VIZAG GM-Open 2022"]
[Site "Visakapatnam"]
[Date "2022.06.13"]
[Round "1.14"]
[White "Nitin, S.."]
[Black "Soboleva, Anastasia"]
[Result "1-0"]
[ECO "B31"]
[WhiteElo "2399"]
[BlackElo "1744"]
[Annotator "TA"]
[PlyCount "91"]
[EventDate "2022.06.13"]
[EventType "swiss"]
[EventCountry "IND"]
[SourceTitle "playchess.com"]
[Source "ChessBase"]
[SourceQuality "1"]
[TimeControl "5400+30"]

1. e4 c5 2. Nf3 Nc6 3. Bb5 g6 4. O-O Bg7 5. c3 a6 6. Ba4 b5 7. Bc2 Bb7 {[%emt 0:00:30] B31: Sicilian: 2...Nc6 3 Bb5 g6.} 8. d4 cxd4 9. cxd4 Nb4 (9... Nf6 $11 {deserves consideration.}) 10. Bb3 $1 $14 Nf6 {[%emt 0:00:30] [#]} 11. a3 $146 ({Predecessor:} 11. e5 Ne4 12. a3 Nd5 13. Re1 f5 14. Nbd2 Nxd2 15. Bxd2 e6 16. Rc1 h6 17. Rc5 {0-1 (71) Guedes,M-Yanaguihara,V (1764) Sao Sebastiao 2013}) 11... Nc6 12. e5 Ne4 13. Ne1 Qb6 (13... f6 $14) 14. Be3 $16 Na5 15. f3 $1 Nxb3 16. Qxb3 Ng5 17. Nd2 (17. Bxg5 $16 Qxd4+ 18. Be3 Qxe5 19. Qc3) 17... h6 $14 18. d5 (18. h4 $5 Nh7 19. Nd3 $14) 18... Qc7 ({Black should try} 18... Qd8 $1 $14) 19. f4 {[%emt 0:00:30] Hoping for d6.} Nh7 20. Nd3 O-O 21. Rfc1 (21. Rac1 $16 Qb8 22. Nf3) 21... Qd8 22. Nc5 Bc8 23. Nf3 d6 24. Nd3 Bb7 25. Nb4 $36 {[%emt 0:00:30][%mdl 2048] Black is under pressure.} dxe5 26. fxe5 (26. Nxe5 $5 Nf6 27. Nbc6 Bxc6 28. dxc6 $16) 26... e6 (26... Ng5 $11 {keeps the balance.}) 27. dxe6 $16 {[%emt 0:00:30] 0x0.00207a408c83dp-1022s more active pieces.} Bxf3 (27... fxe6 $16 28. Qxe6+ Rf7) 28. gxf3 Ng5 29. exf7+ Rxf7 30. f4 (30. Kh1 $1 $18) 30... Nf3+ 31. Kg2 (31. Kh1 $16 {Threatens to win with e6.} Nd4 32. Qd3) 31... Nh4+ $2 (31... Nd2 $14 32. Qc2 Nc4) 32. Kh1 $18 Qb8 33. Qd5 {[%emt 0:00:30] And now Bf2 would win.} Nf5 34. Bf2 Ne7 {[%emt 0:00:30] [#]} 35. Qe4 {[%emt 0:00:30] Strongly threatening Bc5.} Bxe5 $2 (35... Qf8 36. Be3 Kh7) 36. fxe5 Rxf2 37. Nc6 Nxc6 38. Qxg6+ ({Inferior is} 38. Qxc6 Qf8 $11) 38... Kf8 39. Qxh6+ (39. Rf1 $142 Qa7 40. Qxc6) 39... Kf7 40. Qh7+ (40. Rxc6 $142 Qd8 {[#]} 41. Rc7+ $3 Qxc7 42. Qh7+ Ke6 43. Qxc7 Rd2 44. Qc6+ Ke7 45. Qxa8) 40... Kf8 41. Qh6+ (41. Rg1 $142 Rf7 42. Qh6+ Ke7 43. Qxc6 Qf8 44. Rad1 Rd8 45. Qc7+ Ke6 46. Rg6+ Rf6 47. Qb6+ Ke7 48. exf6+ Kf7 49. Rxd8) 41... Kf7 $1 42. Qh5+ Kf8 43. Rxc6 {[%emt 0:00:30] White mates.} Qb7 44. Rac1 Re8 45. Qh8+ Ke7 46. Qh4+ {[%emt 0:00:30] Weighted Error Value: White=0.30/Black=0.94} 1-0

[Event "3rd VIZAG GM-Open 2022"]
[Site "Visakapatnam"]
[Date "2022.06.13"]
[Round "1.15"]
[White "Harshit Ranjan Sahu"]
[Black "Laxman, R.R."]
[Result "0-1"]
[ECO "C56"]
[WhiteElo "1645"]
[BlackElo "2420"]
[Annotator "TA"]
[PlyCount "90"]
[EventDate "2022.06.13"]
[EventType "swiss"]
[EventCountry "IND"]
[SourceTitle "playchess.com"]
[Source "ChessBase"]
[SourceQuality "1"]
[TimeControl "5400+30"]

1. e4 e5 2. Nf3 Nc6 3. d4 exd4 4. Bc4 Nf6 5. e5 d5 6. Bb5 Nd7 7. O-O Be7 8. Bxc6 bxc6 9. Nxd4 {[%emt 0:00:30] C56: Two Knights: 4 d4 exd4 5 0-0 Nxe4.} Nb8 10. Ne2 O-O {[%emt 0:00:30] [#]} 11. f4 $146 {[%emt 0:00:30] The position is equal.} ({Predecessor:} 11. c4 Re8 12. Nbc3 Be6 13. Nf4 Nd7 14. Nxe6 fxe6 15. Qa4 Bc5 16. Re1 Qe7 17. Be3 Bb6 18. Bxb6 axb6 19. Qb3 Rf8 20. cxd5 {½-½ (20) Cherenkov,A (2235)-Komliakov,V (2428) Moscow 2011}) 11... Bc5+ 12. Kh1 f6 13. a3 a5 14. b3 (14. Nbc3 $142) 14... fxe5 $17 15. fxe5 Bg4 {[%emt 0:00:30] Black is more active. This bishop pair is nice.} 16. Bb2 (16. Bf4 $17) 16... Nd7 $19 17. Nd2 (17. Rxf8+ $142 Qxf8 18. Nbc3) 17... Qe7 (17... Bf2 $142 18. b4 (18. h3 $2 Qh4 $19) 18... Qe8) 18. Qe1 ({Don't go for} 18. h3 $2 {[#]} Bf2 $1 19. Nf3 Rxf3 20. gxf3 Bxf3+ 21. Kh2 Qh4 $19) 18... Nxe5 19. Nd4 Bd6 20. N2f3 $2 (20. Qg3) 20... c5 21. Nb5 Nxf3 22. Qxe7 Bxe7 {[%emt 0:00:30] Chess con chili.} 23. gxf3 Bxf3+ 24. Kg1 Ra6 {[%emt 0:00:30] ( -> ...Rg6+)} 25. Be5 Rg6+ 26. Bg3 c6 27. Nc3 c4 28. Na4 {[%emt 0:00:30] Inhibits Bc5+.} cxb3 29. Rae1 Bg5 30. cxb3 h5 31. Nc5 h4 32. Nd7 hxg3 33. Nxf8 gxh2+ 34. Kf2 Rf6 {[%emt 0:00:30] Threatens to win with ...Bh4+.} 35. Nd7 Bh4+ 36. Ke3 Re6+ 37. Kxf3 Rxe1 38. Rxe1 Bxe1 {[%emt 0:00:30][%mdl 4096] Endgame KB-KN} 39. Kg2 {[%emt 0:00:30] [#]} Bg3 $1 {[%emt 0:00:30][%cal Og8f7][%mdl 512] Hoping for ...Kf7!} 40. Nc5 Bd6 41. Nb7 Bc7 {[%emt 0:00:30] aiming for ...Kf7.} 42. Nc5 Kf7 43. Nd3 Bd6 {[%emt 0:00:30] And now ...Ke6 would win.} 44. Nf2 Ke6 45. Kf3 Bxa3 {[%emt 0:00:30] Weighted Error Value: White=0.60/Black=0.23 (precise)} 0-1

[Event "3rd VIZAG GM-Open 2022"]
[Site "Visakapatnam"]
[Date "2022.06.13"]
[Round "1.16"]
[White "Nguyen, Duc Hoa"]
[Black "Alluri Bhaskara Ratna Shanmukh"]
[Result "1-0"]
[ECO "B80"]
[WhiteElo "2398"]
[BlackElo "1478"]
[Annotator "TA"]
[PlyCount "113"]
[EventDate "2022.06.13"]
[EventType "swiss"]
[EventCountry "IND"]
[SourceTitle "playchess.com"]
[Source "ChessBase"]
[SourceQuality "1"]
[TimeControl "5400+30"]

1. e4 c5 2. Nf3 d6 3. d4 cxd4 4. Nxd4 Nf6 5. Nc3 e6 6. h4 {[%emt 0:01:09] B80: Sicilian Scheveningen: 6 g3 and 6 Be3, including English Attack.} Be7 7. g4 d5 8. Bb5+ {[%emt 0:03:33] The position is equal.} Bd7 9. exd5 Nxd5 10. Nxd5 exd5 {[%emt 0:00:05] [#]} 11. Bd3 $146 (11. Bxd7+ $14 Qxd7 12. Be3) ({Predecessor:} 11. Bxd7+ Qxd7 12. Qe2 O-O 13. Be3 Nc6 14. O-O-O Rfe8 15. Nf5 Bf8 16. Qb5 Rad8 17. c4 {½-½ (47) Schildt,R (2030)-Abraham,I (2227) Berlin 2007}) 11... Nc6 (11... O-O {with more complications.} 12. Qf3 Bc5 13. Qxd5 Bxd4 14. Qxd4 Nc6) 12. Be3 (12. Nxc6 $11 Bxc6 13. O-O) 12... Bf6 (12... Bxh4 13. Qe2 Kf8 14. O-O-O $11) 13. Nxc6 Bxc6 14. Bc5 {[%emt 0:00:38] Hoping for 0-0.} Qc7 (14... Qa5+ $1 $15 15. b4 Qc7) 15. Qe2+ $11 Qe5 16. O-O-O Qxe2 17. Bxe2 O-O-O (17... b6 $14 18. Bd4 Bxd4 19. Rxd4 O-O-O) 18. g5 Be5 19. Bxa7 Kc7 {[%emt 0:03:20] Against Bb6+. Strongly threatening ...b6.} 20. Bd4 f6 {[%emt 0:01:34] [#]} (20... Rde8 $142) 21. c3 (21. gxf6 $142 $1 gxf6 22. Kb1) 21... Rhf8 $16 22. Rdf1 (22. Bg4 $16) 22... Rde8 23. Bd3 g6 (23... Bxd4 $11 24. cxd4 fxg5) 24. Kc2 Ra8 {[%emt 0:01:32] [#]} 25. a3 (25. f4 $1 $16 Bxd4 26. cxd4) 25... Ra4 (25... Bxd4 $14 26. cxd4 Ra4) 26. Bc5 Rf7 ({Black should try} 26... Bd6 $14 27. Be3 d4 28. Bxd4 Bxh1 29. Rxh1 Be5) 27. Bb4 {[%emt 0:57:33] And now f4 would win.} d4 28. f4 $36 {[%emt 0:00:00][%mdl 2048] Keeping Black busy.} Bxf4 {[%emt 0:03:20] [#] This costs Black the game.} 29. Rxf4 $1 $18 Bxh1 30. Bc4 (30. Rxd4 f5 $14) (30. Rxf6 $6 Bd5 $16) 30... Rxb4 31. axb4 {[%emt 0:00:00][%mdl 4096] Endgame KRB-KRB} Rf8 32. Rxf6 ({Much less strong is} 32. gxf6 dxc3 33. Kxc3 (33. bxc3 Kd6 $18) 33... Kd6 $18) 32... Rd8 33. Rf7+ Kb6 34. Bd3 {[%emt 0:00:00] Prevents Be4.} dxc3 35. bxc3 Rh8 36. c4 Ka7 (36... Kc6 $142 37. h5 Kd6 38. hxg6 hxg6 39. Rf6+ (39. Bxg6 Rh2+ 40. Kb3 Rg2 $18) 39... Ke5 40. Rxg6 (40. Bxg6 Rh2+ 41. Kb3 Rh3+ 42. Ka4 Rg3 $18) 40... Rh2+ 41. Kc3 Ra2) 37. Kc3 Bg2 38. b5 h6 39. c5 {[%emt 0:00:00] aiming for gxh6.} hxg5 40. hxg5 Bd5 41. Re7 Kb8 42. Bxg6 {[%emt 0:00:00] Threatening mate with Re8+.} Ka7 43. b6+ Ka6 44. Bd3+ Ka5 45. Re1 Bc6 46. Ra1+ Ba4 47. Bc2 Kb5 48. Rxa4 {[%emt 0:00:00] Intending Rg4 and mate. KRB-KR} Rh3+ 49. Kd4 {[%emt 0:00:00] White mates.} Rh4+ 50. Ke5 Rh2 51. Ra2 Kxc5 52. g6 Kxb6 53. Bb3 Rh5+ 54. Kf6 Rh6 55. Kg5 Rxg6+ 56. Kxg6 Kc5 57. Kf5 {[%emt 0:00:00] Weighted Error Value: White=0.18 (very precise) /Black=0.73} 1-0

[Event "3rd VIZAG GM-Open 2022"]
[Site "Visakapatnam"]
[Date "2022.06.13"]
[Round "1.17"]
[White "Reyan"]
[Black "Audi Ameya"]
[Result "0-1"]
[WhiteElo "1590"]
[BlackElo "2389"]
[Annotator "TA"]
[PlyCount "16"]
[EventDate "2022.06.13"]
[EventType "swiss"]
[EventCountry "IND"]
[SourceTitle "playchess.com"]
[Source "ChessBase"]
[SourceQuality "1"]
[TimeControl "5400+30"]

1. e4 e5 2. Nf3 Nc6 3. d4 exd4 4. Nxd4 Qf6 5. Nf3 Bb4+ 6. c3 {[%emt 0:02:18] C45: Scotch Game.} Bc5 7. Bc4 {[%emt 0:02:28] [#]} Ne5 $146 ({Predecessor:} 7... d6 8. h3 Be6 9. Nbd2 O-O-O 10. b4 Bxb4 11. Bxe6+ fxe6 12. cxb4 Qxa1 13. b5 Nd4 {0-1 (50) Mischuk,D (2344)-Beerdsen,T (2415) Chess.com INT 2017}) 8. Nxe5 {[%emt 0:06:31][%mdl 8192] [#]} (8. Nbd2 $14) 8... Qxf2# {[%emt 1:30:18] White got outplayed after the opening.  Weighted Error Value: White=2.01/Black=0.11 (very precise)} 0-1

[Event "3rd VIZAG GM-Open 2022"]
[Site "Visakapatnam"]
[Date "2022.06.13"]
[Round "1.18"]
[White "Nguyen, Van Huy"]
[Black "Aarav Sinha"]
[Result "1-0"]
[ECO "D23"]
[WhiteElo "2405"]
[BlackElo "1488"]
[Annotator "TA"]
[PlyCount "81"]
[EventDate "2022.06.13"]
[EventType "swiss"]
[EventCountry "IND"]
[SourceTitle "playchess.com"]
[Source "ChessBase"]
[SourceQuality "1"]
[TimeControl "5400+30"]

1. d4 d5 2. Nf3 Nf6 3. c4 c6 4. Qb3 dxc4 5. Qxc4 Bf5 6. g3 e6 7. Bg2 h6 {[%emt 0:03:02] D23: Queen's Gambit Accepted: 3 Nf3 Nf6 sidelines.} 8. O-O Be7 9. Nc3 O-O {[%emt 0:01:02] The position is equal.} 10. Re1 (10. Ne5 $14) 10... b5 $11 11. Qb3 b4 12. Na4 {[%emt 0:02:10] [#]} Be4 $146 ({Predecessor:} 12... Nbd7 13. Bf4 Rc8 14. Rad1 Be4 15. Ne5 Bxg2 16. Kxg2 Nd5 17. Nxd7 Nxf4+ 18. gxf4 Qxd7 {1-0 (47) Ibrahimov,R (2550)-Abdulov,O (2429) Tabriz 2012}) 13. Nc5 Bxc5 14. dxc5 Qa5 ({Black should try} 14... a5 $14) 15. Bd2 $16 Na6 16. Rec1 (16. a3 $16) 16... Rfd8 $14 {[%emt 0:15:35] [#] Threatens to win with ...Bxf3.} 17. a3 Qb5 (17... Bxf3 18. Qxf3 Rxd2 19. axb4 $16) 18. axb4 Qxe2 19. Re1 (19. Be3 $5 ) 19... Qb5 20. Ra5 Qb7 21. Bc3 {[%emt 0:06:43] aiming for Qa4.} Bd5 22. Qa3 $36 {[%emt 0:01:53][%mdl 2048] White has good play.} Nc7 23. Bxf6 gxf6 24. h4 (24. Ra1 $14) 24... Bxf3 25. Bxf3 Nd5 (25... a6 $14) 26. Ra4 f5 27. Rd1 Qe7 ({Better is} 27... Qb5) 28. Ra6 $16 Rdc8 {[%emt 0:03:58] [#] Black cannot hold the game after this.} (28... Qb7 $16 {might work better.}) 29. b5 $1 $18 cxb5 30. Bxd5 exd5 31. Rxd5 Qe4 32. Qb3 {[%emt 0:02:40] Active counter play!} Re8 (32... Rd8 {was necessary.} 33. Rxd8+ Rxd8 34. Rxa7 Qd5 35. Qxd5 (35. Qxb5 Qd1+ 36. Kh2 Qd4 $18) 35... Rxd5) 33. Rf6 {[%emt 0:01:48][%cal Od5d4] Rd4! is the strong threat.} Re6 34. Rfxf5 ({Resist} 34. Rdxf5 Rd8 35. Rxe6 (35. Rxf7 Rd3 $11) 35... Qxf5 $18) 34... Rae8 $2 (34... Ra6) 35. Rf4 Qb1+ 36. Kh2 ({Weaker is} 36. Rd1 Qxd1+ 37. Qxd1 Re1+ 38. Qxe1 Rxe1+ 39. Kg2 a5 $16) 36... Re1 37. Qf3 R1e7 38. Rg4+ Kf8 39. Qf6 Re6 40. Qg7+ Ke7 41. Rgd4 {[%emt 0:00:11] Weighted Error Value: White=0.11 (very precise) /Black=0.61} 1-0

[Event "3rd VIZAG GM-Open 2022"]
[Site "Visakapatnam"]
[Date "2022.06.13"]
[Round "2.1"]
[White "Amonatov, Farrukh"]
[Black "Praloy Sahoo"]
[Result "1-0"]
[ECO "B86"]
[WhiteElo "2622"]
[BlackElo "2065"]
[Annotator "TA"]
[PlyCount "63"]
[EventDate "2022.06.13"]
[EventType "swiss"]
[EventCountry "IND"]
[SourceTitle "playchess.com"]
[Source "ChessBase"]
[SourceQuality "1"]
[TimeControl "5400+30"]

1. e4 c5 2. Nf3 d6 3. d4 cxd4 4. Nxd4 Nf6 5. Nc3 a6 6. Bc4 e6 7. Bb3 Be7 8. g4 h6 9. Be3 {[%emt 0:02:09] B86: Sicilian Scheveningen/Najdorf: 6 Bc4, without early ...b5.} Nc6 10. f3 Bd7 11. Qd2 {[%emt 0:01:17] White is slightly better.} Rc8 (11... b5 $14) 12. O-O-O Ne5 13. h4 Nc4 (13... b5 $142) 14. Bxc4 $16 Rxc4 15. g5 {[%emt 0:00:10] [#]} Nh5 $146 ({Predecessor:} 15... hxg5 16. hxg5 Nh5 17. g6 fxg6 18. Qg2 Kf7 19. f4 b5 20. Rdg1 g5 21. f5 e5 {1-0 (48) Ben Said,A-Mohamad,O Acri 2006}) 16. Kb1 (16. gxh6 gxh6 17. Kb1 Bf8 $16) 16... b5 17. Rhg1 ({White should play} 17. gxh6 $16 gxh6 18. a3 (18. b3 Rc8 $14)) 17... g6 18. Nb3 hxg5 19. Bxg5 f6 20. Be3 Kf7 21. Rg2 ({But not} 21. Qg2 Rg8 $14) 21... Rg8 22. Rdg1 {[%emt 0:01:03] White is more active.} Qc7 $2 {[%emt 0:06:56] [#]} (22... Qa8 $16) 23. Rg4 $2 (23. Nd5 $1 $18 {[%mdl 512] has better winning chances.} Qd8 24. Nxe7 Qxe7 25. Na5) 23... Rxc3 24. bxc3 (24. Qxc3 $16 Qxc3 25. bxc3) 24... e5 $1 $14 25. R4g2 a5 26. f4 a4 $2 (26... exf4 $16 {is more resistant.} 27. Bf2 a4) 27. f5 $1 $18 {[%emt 0:02:41] Black must now prevent Qd5+.} ({Weaker is} 27. Qd5+ Be6 28. Qd1 Nxf4 29. Bxf4 axb3 30. axb3 exf4 31. Rxg6 Rxg6 $15) 27... Bc6 {[%emt 0:03:57] Prevents Qd5+.} 28. Rxg6 Rh8 {[%emt 0:01:30] [#]} (28... Rxg6 $142 29. fxg6+ Kg8) 29. Qg2 $1 {[%emt 0:02:22] White wants to mate with Rg8.} axb3 (29... Ke8 30. Rg8+) 30. Rg8 {[%emt 0:02:32][%csl Gf5,Gg1,Gg8][%cal Rg2g6] White mates.} bxa2+ 31. Ka1 Bf8 32. Rxh8 {[%emt 0:00:31] Weighted Error Value: White=0.21 (precise) /Black=0.68} 1-0